Griffins vs Wolves
Created - November 8, 2023 at 21:25
Goals
|
| Griffins |
2 |
1 |
1 |
4 |
| Wolves |
2 |
2 |
3 |
7 |
|
Shots
|
| Griffins |
12 |
11 |
12 |
35 |
| Wolves |
9 |
7 |
14 |
30 |
|
1st period
1. Wolves , Maksim Sushko 2 (Jasper Weatherby 2) at 7:13
2. Griffins , Lucas Lessio 9 (Martin Frk 9, Nico Hischier 16) at 7:29
3. Wolves , Maksim Sushko 3 (Victor Olofsson 11) at 17:56
4. Griffins , Sonny Milano 7 (Christoffer Ehn 7, Klim Kostin 5) at 18:50 (PP)
Penalties :
Eric Robinson (Chi) for Hooking (Minor) at 18:15
2nd period
5. Wolves , Cedric Paquette 10 (Victor Olofsson 12, Jakub Zboril 9) at 5:10
6. Wolves , Jasper Weatherby 2 (Corey Shueneman 3, Jordan Harris 2) at 15:41
7. Griffins , Lucas Lessio 10 (Martin Frk 10, Nico Hischier 17) at 15:49
Penalties :
Jordan Harris (Chi) for Delaying the game (Minor) at 13:05, Jalen Chatfield (Chi) for Holding Stick (Minor) at 19:26
3rd period
8. Wolves , Jakub Zboril 2 (Jalen Chatfield 8, Ebbe Siönäs) at 2:52
9. Griffins , Sonny Milano 8 (Morgan Geekie 2, Nils Lundkvist 5) at 3:34
10. Wolves , Antti Suomela 3 (Jakub Zboril 10, Thomas Spelling 6) at 4:33 (PP)
11. Wolves , Cedric Paquette 11 (Eric Robinson 2, Victor Olofsson 13) at 6:28
Penalties :
Lucas Lessio (Gra) for Hooking (Minor) at 3:58, Jonah Gadjovich (Chi) for Slashing (Minor) at 10:40, Riley Armstrong (Gra) for Holding (Minor) at 17:24
Goalie Stats
Marcus Hogberg (Gra), 12 saves from 16 shots - (0.750), 35:41 minutes
Adam Werner (Gra), 11 saves from 14 shots - (0.786), L, 4-3-0, 24:19 minutes
Ebbe Siönäs (Chi), 31 saves from 35 shots - (0.886), W, 9-1-1, 60:00 minutes
Players Stats for Griffins
Player Name G A P +/- PIM S H SB GA TA FO MP PP MP PK MP
------------------------------------------------------------------------------------
Brendan Leipsic 0 0 0 -4 0 2 0 0 0 0 0/0 9:28 0:02 0:00
Chris Bigras 0 0 0 1 0 2 2 0 2 0 0/0 18:33 2:11 1:39
Christoffer Ehn 0 1 1 -1 0 1 2 0 0 2 7/12 16:34 3:00 0:00
Cody Glass 0 0 0 -4 0 3 0 0 1 0 3/4 9:29 0:03 0:00
Filip Hronek 0 0 0 -3 0 1 2 1 0 3 0/0 25:31 4:21 0:55
Ian McCoshen 0 0 0 -1 0 1 0 1 1 0 0/0 15:56 0:00 0:00
Jack Studnicka 0 0 0 -4 0 1 0 0 0 0 0/0 8:33 0:00 0:00
Klim Kostin 0 1 1 0 0 1 2 0 0 0 0/1 13:48 3:00 0:47
Lucas Lessio 2 0 2 2 2 6 1 0 0 0 1/2 22:42 3:30 1:20
Martin Frk 0 2 2 2 0 3 5 0 1 2 1/3 22:19 3:30 1:32
Morgan Geekie 0 1 1 -1 0 2 0 1 1 0 0/0 14:29 0:02 0:00
Nico Hischier 0 2 2 2 0 1 0 0 0 0 19/32 22:16 3:29 0:54
Nils Lundkvist 0 1 1 0 0 2 0 2 0 0 0/0 19:07 4:21 0:00
Riley Armstrong 0 0 0 0 2 0 2 3 0 0 3/6 14:04 2:11 0:35
Robbie Russo 0 0 0 -2 0 0 0 1 0 0 0/0 7:00 0:00 1:39
Ryan Pulock 0 0 0 -2 0 3 0 0 0 0 0/0 20:25 0:00 0:55
Sebastian Ahaut 0 0 0 1 0 1 0 0 0 1 0/0 10:35 0:00 0:00
Sonny Milano 2 0 2 -1 0 3 4 0 0 0 0/0 16:34 3:00 0:00
Troy Terry 0 0 0 0 0 2 1 0 0 0 0/0 10:01 0:00 0:00
Players Stats for Wolves
Player Name G A P +/- PIM S H SB GA TA FO MP PP MP PK MP
------------------------------------------------------------------------------------
Antti Suomela 1 0 1 0 0 2 0 0 1 2 5/13 17:37 1:23 2:12
Cedric Paquette 2 0 2 0 0 5 1 1 1 0 15/37 21:04 1:11 4:12
Corey Shueneman 0 1 1 2 0 0 0 1 0 1 0/0 18:59 1:19 1:46
Dylan Coghlan 0 0 0 1 0 1 0 1 0 0 0/0 14:43 0:00 0:25
Eric Robinson 0 1 1 0 2 0 2 0 1 1 0/2 20:29 1:11 3:38
Hayden Hodgson 0 0 0 0 0 3 1 1 0 0 1/1 18:13 1:23 2:47
Jacob Olofsson 0 0 0 0 0 0 0 0 0 0 0/0 0:00 0:00 0:00
Jake Evans 0 0 0 0 0 3 1 0 1 0 4/4 12:45 0:00 0:00
Jakub Zboril 1 2 3 0 0 1 3 1 0 1 0/0 26:43 1:15 4:46
Jalen Chatfield 0 1 1 0 2 1 1 2 0 0 0/0 25:15 1:15 3:11
Jasper Weatherby 1 1 2 3 0 1 2 0 0 1 0/2 8:34 0:00 0:08
Jonah Gadjovich 0 0 0 0 2 1 0 0 0 0 0/0 12:45 0:00 0:00
Jordan Harris 0 1 1 1 2 0 0 1 0 0 0/0 14:22 0:00 0:00
Maksim Sushko 2 0 2 3 0 2 0 0 0 0 0/0 8:25 0:00 0:00
Parker Kelly 0 0 0 3 0 0 1 0 0 0 0/0 8:32 0:00 0:07
Samuel Girard 0 0 0 2 0 0 1 0 0 0 0/0 20:09 1:19 2:56
Sasha Chmelevski 0 0 0 0 0 0 0 0 0 0 0/0 0:00 0:00 0:00
Stelio Mattheos 0 0 0 0 0 0 0 0 0 0 0/0 0:00 0:00 0:00
Thomas Spelling 0 1 1 0 0 5 1 1 2 0 0/0 15:20 1:23 0:00
Victor Olofsson 0 3 3 0 0 5 1 0 1 0 1/1 16:44 1:11 0:00
Wade Allison 0 0 0 0 0 0 1 1 1 0 0/0 12:45 0:00 0:00
3 Stars
1 - Maksim Sushko (Chi)
2 - Jasper Weatherby (Chi)
3 - Jakub Zboril (Chi)
Power Play
Griffins - 1 on 4 Attempt(s) - 25.00%
Wolves - 1 on 2 Attempt(s) - 50.00%
Penalty Kill
Griffins - 1 on 2 Attempt(s) - 50.00%
- Score 0 goal in Penalty Kill
Wolves - 3 on 4 Attempt(s) - 75.00%
- Score 0 goal in Penalty Kill
Team Stat
Griffins - Hits : 21 - Faceoff Wins : 34 - Blocked Shots : 9 - Penalty Minutes : 4
Wolves - Hits : 16 - Faceoff Wins : 26 - Blocked Shots : 10 - Penalty Minutes : 8
Official
Referees : Justin St. Pierre and TJ Luxmore
Linesman : Brad Kovachik and Ryan Daisy
Game Notes
7:29 of 1st period - Griffins goal is going for a video replay. After video review, Goal.
Adam Werner enters game at 15:41 of 2nd period
Finance
Level 1 -- Attendance: 1732 (86.60%) -- Ticket Income $121,240
Level 2 -- Attendance: 1000 (100.00%) -- Ticket Income $40,000
Total Attendance: 2732 (91.07%)
Total Ticket Income: $161,240
Other Income: $8,062
Total Income: $169,302
Griffins
5 vs 5 Forward
Center Left Wing Right Wing Time % Phy DF OF
1 Nico Hischier Lucas Lessio Martin Frk 40 1 2 2
2 Christoffer Ehn Sonny Milano Morgan Geekie 30 1 2 2
3 Riley Armstrong Klim Kostin Troy Terry 20 1 2 2
4 Cody Glass Brendan Leipsic Jack Studnicka 10 1 2 2
5 vs 5 Defense
Defense Defense Time % Phy DF OF
1 Filip Hronek Ryan Pulock 40 1 2 2
2 Nils Lundkvist Chris Bigras 30 1 2 2
3 Sebastian Ahaut Ian McCoshen 20 1 2 2
4 Robbie Russo Ian McCoshen 10 1 2 2
PowerPlay Forward
Center Left Wing Right Wing Time % Phy DF OF
1 Nico Hischier Lucas Lessio Martin Frk 60 1 2 2
2 Christoffer Ehn Sonny Milano Klim Kostin 40 1 2 2
PowerPlay Defense
Defense Defense Time % Phy DF OF
1 Filip Hronek Nils Lundkvist 60 1 2 2
2 Chris Bigras Riley Armstrong 40 1 2 2
Penalty Kill 4 Players Forward
Center Wing Time % Phy DF OF
1 Riley Armstrong Lucas Lessio 60 1 2 2
2 Christoffer Ehn Troy Terry 40 1 2 2
Penalty Kill 4 Players Defense
Defense Defense Time % Phy DF OF
1 Robbie Russo Chris Bigras 60 1 2 2
2 Ryan Pulock Filip Hronek 40 1 2 2
Penalty Kill - 3 Players Forward
Forward Time % Phy DF OF
1 Riley Armstrong 60 1 2 2
2 Christoffer Ehn 40 1 2 2
Penalty Kill - 3 Players Defense
Defense Defense Time % Phy DF OF
1 Robbie Russo Chris Bigras 60 1 2 2
2 Filip Hronek Ryan Pulock 40 1 2 2
4 vs 4 Forward
Center Wing Time % Phy DF OF
1 Nico Hischier Martin Frk 60 1 2 2
2 Sonny Milano Lucas Lessio 40 1 2 2
4 vs 4 Defense
Defense Defense Time % Phy DF OF
1 Filip Hronek Nils Lundkvist 60 1 2 2
2 Sebastian Ahaut Chris Bigras 40 1 2 2
Last Minutes Offensive
Center Left Wing Right Wing Defense Defense
Nico Hischier Lucas Lessio Martin Frk Filip Hronek Nils Lundkvist
Last Minutes Defensive
Center Left Wing Right Wing Defense Defense
Christoffer Ehn Lucas Lessio Riley Armstrong Filip Hronek Chris Bigras
Goaltenders
Starting : Marcus Hogberg
Backup : Adam Werner
Extra Forwards
Normal : Klim Kostin, Riley Armstrong, Cody Glass - PP : Cody Glass, Riley Armstrong - PK : Martin Frk
Extra Defensemen
Normal : Nils Lundkvist, Ian McCoshen, Ryan Pulock - PP : Sebastian Ahaut - PK : Ian McCoshen, Sebastian Ahaut
Penalty Shots
Sonny Milano, Troy Terry, Lucas Lessio, Ryan Pulock, Klim Kostin
Custom OT Lines Forwards
Lucas Lessio, Martin Frk, Nico Hischier, Sonny Milano, Christoffer Ehn, Brendan Leipsic, Cody Glass, Klim Kostin, Riley Armstrong, Troy Terry
Custom OT Lines Defensemen
Filip Hronek, Nils Lundkvist, Chris Bigras, Ian McCoshen, Ryan Pulock
Scratches
Morgan Barron (Healthy), Jack Ramsey (Healthy), Jesse Graham (Healthy), Michael Bunting (Healthy), Conor Timmins (Healthy)
Tyler Lewington (Healthy), Calvin Thurkauf (Healthy), Oskar Steen (Healthy), Nick Swaney (Healthy), Dominik Bokk (Healthy)
Philippe Desrosiers (Healthy)
Wolves
5 vs 5 Forward
Center Left Wing Right Wing Time % Phy DF OF
1 Cedric Paquette Eric Robinson Victor Olofsson 40 1 2 2
2 Antti Suomela Hayden Hodgson Thomas Spelling 30 1 2 2
3 Jake Evans Jonah Gadjovich Wade Allison 20 1 2 2
4 Jasper Weatherby Parker Kelly Maksim Sushko 10 1 2 2
5 vs 5 Defense
Defense Defense Time % Phy DF OF
1 Jalen Chatfield Jakub Zboril 40 1 2 2
2 Corey Shueneman Samuel Girard 30 1 2 2
3 Dylan Coghlan Jordan Harris 20 1 2 2
4 Jalen Chatfield Jakub Zboril 10 1 2 2
PowerPlay Forward
Center Left Wing Right Wing Time % Phy DF OF
1 Cedric Paquette Eric Robinson Victor Olofsson 60 1 2 2
2 Antti Suomela Hayden Hodgson Thomas Spelling 40 1 2 2
PowerPlay Defense
Defense Defense Time % Phy DF OF
1 Jalen Chatfield Jakub Zboril 60 1 2 2
2 Corey Shueneman Samuel Girard 40 1 2 2
Penalty Kill 4 Players Forward
Center Wing Time % Phy DF OF
1 Cedric Paquette Eric Robinson 60 1 2 2
2 Antti Suomela Hayden Hodgson 40 1 2 2
Penalty Kill 4 Players Defense
Defense Defense Time % Phy DF OF
1 Jalen Chatfield Jakub Zboril 60 1 2 2
2 Corey Shueneman Samuel Girard 40 1 2 2
Penalty Kill - 3 Players Forward
Forward Time % Phy DF OF
1 Cedric Paquette 60 1 2 2
2 Antti Suomela 40 1 2 2
Penalty Kill - 3 Players Defense
Defense Defense Time % Phy DF OF
1 Jalen Chatfield Jakub Zboril 60 1 2 2
2 Corey Shueneman Samuel Girard 40 1 2 2
4 vs 4 Forward
Center Wing Time % Phy DF OF
1 Cedric Paquette Eric Robinson 60 1 2 2
2 Antti Suomela Hayden Hodgson 40 1 2 2
4 vs 4 Defense
Defense Defense Time % Phy DF OF
1 Jalen Chatfield Jakub Zboril 60 1 2 2
2 Corey Shueneman Samuel Girard 40 1 2 2
Last Minutes Offensive
Center Left Wing Right Wing Defense Defense
Cedric Paquette Eric Robinson Victor Olofsson Jalen Chatfield Jakub Zboril
Last Minutes Defensive
Center Left Wing Right Wing Defense Defense
Cedric Paquette Eric Robinson Victor Olofsson Jalen Chatfield Jakub Zboril
Goaltenders
Starting : Ebbe Siönäs
Backup : Ukko-Pekka Luukkonen
Extra Forwards
Normal : Eric Robinson, Hayden Hodgson, Jake Evans - PP : Eric Robinson, Hayden Hodgson - PK : Eric Robinson
Extra Defensemen
Normal : Samuel Girard, Dylan Coghlan, Jordan Harris - PP : Samuel Girard - PK : Samuel Girard, Dylan Coghlan
Penalty Shots
Victor Olofsson, Cedric Paquette, Antti Suomela, Thomas Spelling, Eric Robinson
Custom OT Lines Forwards
Victor Olofsson, Cedric Paquette, Antti Suomela, Thomas Spelling, Eric Robinson, Hayden Hodgson, Jake Evans, Wade Allison, Jonah Gadjovich, Jasper Weatherby
Custom OT Lines Defensemen
Jalen Chatfield, Jakub Zboril, Corey Shueneman, Samuel Girard, Dylan Coghlan
Scratches
Fredrik Olofsson (Severed Right Wrist Tendon Injury), Matthew Kiersted (Fractured Orbital Bone Injury), Ian Scott (Healthy)
% Time on Ice - Griffins
Lines # - Real PCT - Wanted PCT - Time Play
Normal Forward
1 - 38% - 40% - 19:06
2 - 27% - 30% - 13:34
3 - 20% - 20% - 10:01
4 - 16% - 10% - 8:13
Normal Defense
1 - 40% - 40% - 20:10
2 - 29% - 30% - 14:48
3 - 21% - 20% - 10:35
4 - 11% - 10% - 5:21
PP Forward
1 - 54% - 60% - 3:32
2 - 46% - 40% - 3:00
PP Defense
1 - 67% - 60% - 4:21
2 - 33% - 40% - 2:11
PK Forward
1 - 100% - 60% - 2:34
2 - 0% - 40% - 0:00
PK Defense
1 - 64% - 60% - 1:39
2 - 36% - 40% - 0:55
PK3 Forward
1 - 0% - 60%
2 - 0% - 40%
PK3 Defense
1 - 0% - 60%
2 - 0% - 40%
44 Forward
1 - 0% - 60%
2 - 0% - 40%
44 Defense
1 - 0% - 60%
2 - 0% - 40%
Last Minute Offensive - 0:00
Last Minute Defensive - 0:00
Total
Forward - 60:00
Defense - 60:00
|
% Time on Ice - Wolves
Lines # - Real PCT - Wanted PCT - Time Play
Normal Forward
1 - 31% - 40% - 15:47
2 - 27% - 30% - 13:57
3 - 25% - 20% - 12:45
4 - 17% - 10% - 8:25
Normal Defense
1 - 38% - 40% - 19:19
2 - 31% - 30% - 15:54
3 - 28% - 20% - 14:18
4 - 3% - 10% - 1:23
PP Forward
1 - 46% - 60% - 1:11
2 - 54% - 40% - 1:23
PP Defense
1 - 49% - 60% - 1:15
2 - 51% - 40% - 1:19
PK Forward
1 - 82% - 60% - 5:22
2 - 18% - 40% - 1:10
PK Defense
1 - 73% - 60% - 4:46
2 - 27% - 40% - 1:46
PK3 Forward
1 - 0% - 60%
2 - 0% - 40%
PK3 Defense
1 - 0% - 60%
2 - 0% - 40%
44 Forward
1 - 0% - 60%
2 - 0% - 40%
44 Defense
1 - 0% - 60%
2 - 0% - 40%
Last Minute Offensive - 0:00
Last Minute Defensive - 0:00
Total
Forward - 60:00
Defense - 60:00
|
Play-by-Play
1st period
0:01 of 1st period - Nico Hischier wins face-off versus Cedric Paquette in neutral zone.
0:26 of 1st period - Hayden Hodgson is hit by Filip Hronek and loses puck.
0:33 of 1st period - Snap shot by Thomas Spelling.
0:33 of 1st period - Stopped by Marcus Hogberg with a rebound.
0:35 of 1st period - Snap shot by Hayden Hodgson.
0:35 of 1st period - Stopped by Marcus Hogberg with a rebound.
0:55 of 1st period - Backhand shot by Troy Terry.
0:55 of 1st period - Stopped by Ebbe Siönäs without a rebound.
0:56 of 1st period - Cody Glass wins face-off versus Jasper Weatherby in Wolves zone.
0:57 of 1st period - Slapshot by Brendan Leipsic.
0:57 of 1st period - Stopped by Ebbe Siönäs with a rebound.
1:22 of 1st period - Dylan Coghlan is hit by Sonny Milano and loses puck.
1:49 of 1st period - Backhand shot by Victor Olofsson.
1:49 of 1st period - Stopped by Marcus Hogberg with a rebound.
2:09 of 1st period - Snap shot by Klim Kostin.
2:09 of 1st period - Stopped by Ebbe Siönäs without a rebound.
2:10 of 1st period - Riley Armstrong wins face-off versus Antti Suomela in Wolves zone.
2:46 of 1st period - Snap shot by Eric Robinson.
2:46 of 1st period - Shot Blocked by Nils Lundkvist.
3:02 of 1st period - Jonah Gadjovich is hit by Chris Bigras.
3:06 of 1st period - Samuel Girard is hit by Christoffer Ehn and loses puck.
3:25 of 1st period - Snap shot by Antti Suomela.
3:25 of 1st period - Shot Misses the Net.
3:49 of 1st period - Snap shot by Cedric Paquette.
3:49 of 1st period - Stopped by Marcus Hogberg without a rebound.
3:50 of 1st period - Cedric Paquette wins face-off versus Nico Hischier in Griffins zone.
4:15 of 1st period - Ian McCoshen is hit by Thomas Spelling and loses puck.
4:44 of 1st period - Jake Evans is hit by Riley Armstrong and loses puck.
5:01 of 1st period - Snap shot by Jakub Zboril.
5:01 of 1st period - Shot Misses the Net.
5:25 of 1st period - Snap shot by Nico Hischier.
5:25 of 1st period - Shot Misses the Net.
6:43 of 1st period - Slapshot by Lucas Lessio.
6:43 of 1st period - Stopped by Ebbe Siönäs with a rebound.
6:55 of 1st period - Ian McCoshen is hit by Parker Kelly and loses puck.
7:13 of 1st period - Wrist shot by Maksim Sushko.
7:13 of 1st period - Goal by Maksim Sushko - Griffins : 0 - Wolves : 1.
7:14 of 1st period - Cedric Paquette wins face-off versus Lucas Lessio in neutral zone.
7:27 of 1st period - Wrist shot by Nico Hischier.
7:27 of 1st period - Deflect By Martin Frk.
7:27 of 1st period - Stopped by Ebbe Siönäs with a rebound.
7:29 of 1st period - Snap shot by Lucas Lessio.
7:29 of 1st period - Griffins goal is going for a video replay.
7:29 of 1st period - The goal is good.
7:29 of 1st period - Goal by Lucas Lessio - Griffins : 1 - Wolves : 1.
7:30 of 1st period - Cedric Paquette wins face-off versus Martin Frk in neutral zone.
8:04 of 1st period - Wrist shot by Sonny Milano.
8:04 of 1st period - Shot Misses the Net.
8:06 of 1st period - Slapshot by Filip Hronek.
8:06 of 1st period - Shot Blocked by Jalen Chatfield.
8:08 of 1st period - Snap shot by Sonny Milano.
8:08 of 1st period - Shot Blocked by Jakub Zboril.
8:10 of 1st period - Slapshot by Filip Hronek.
8:10 of 1st period - Shot Blocked by Hayden Hodgson.
8:59 of 1st period - Wrist shot by Victor Olofsson.
8:59 of 1st period - Shot Misses the Net.
9:03 of 1st period - Slapshot by Victor Olofsson.
9:03 of 1st period - Shot Misses the Net.
9:05 of 1st period - Snap shot by Victor Olofsson.
9:05 of 1st period - Stopped by Marcus Hogberg with a rebound.
9:07 of 1st period - Snap shot by Victor Olofsson.
9:07 of 1st period - Shot Misses the Net.
9:09 of 1st period - Snap shot by Cedric Paquette.
9:09 of 1st period - Stopped by Marcus Hogberg with a rebound.
12:02 of 1st period - Jonah Gadjovich is hit by Chris Bigras and loses puck.
12:23 of 1st period - Cedric Paquette is hit by Filip Hronek and loses puck.
12:38 of 1st period - Thomas Spelling is hit by Martin Frk.
13:38 of 1st period - Jonah Gadjovich is hit by Riley Armstrong and loses puck.
13:43 of 1st period - Snap shot by Riley Armstrong.
13:43 of 1st period - Shot Blocked by Wade Allison.
13:45 of 1st period - Slapshot by Filip Hronek.
13:45 of 1st period - Shot Blocked by Corey Shueneman.
14:01 of 1st period - Snap shot by Martin Frk.
14:01 of 1st period - Shot Misses the Net.
14:24 of 1st period - Hayden Hodgson is hit by Martin Frk and loses puck.
15:03 of 1st period - Samuel Girard is hit by Martin Frk and loses puck.
15:14 of 1st period - Wrist shot by Thomas Spelling.
15:14 of 1st period - Stopped by Marcus Hogberg without a rebound.
15:15 of 1st period - Cedric Paquette wins face-off versus Christoffer Ehn in Griffins zone.
15:41 of 1st period - Slapshot by Ryan Pulock.
15:41 of 1st period - Stopped by Ebbe Siönäs with a rebound.
15:44 of 1st period - Icing by Jalen Chatfield.
15:45 of 1st period - Jake Evans wins face-off versus Riley Armstrong in Wolves zone.
15:45 of 1st period - Jake Evans is hit by Klim Kostin.
16:13 of 1st period - Snap shot by Jake Evans.
16:13 of 1st period - Shot Blocked by Riley Armstrong.
16:42 of 1st period - Slapshot by Jakub Zboril.
16:42 of 1st period - Deflect By Jake Evans.
16:42 of 1st period - Shot Blocked by Ian McCoshen.
16:42 of 1st period - Puck is out of play.
16:43 of 1st period - Cedric Paquette wins face-off versus Christoffer Ehn in Griffins zone.
17:05 of 1st period - Icing by Ryan Pulock.
17:06 of 1st period - Nico Hischier wins face-off versus Antti Suomela in Griffins zone.
17:11 of 1st period - Wrist shot by Martin Frk.
17:11 of 1st period - Shot Misses the Net.
17:13 of 1st period - Snap shot by Lucas Lessio.
17:13 of 1st period - Shot Misses the Net.
17:15 of 1st period - Slapshot by Lucas Lessio.
17:15 of 1st period - Deflect By Corey Shueneman.
17:15 of 1st period - Stopped by Ebbe Siönäs with a rebound.
17:17 of 1st period - Snap shot by Lucas Lessio.
17:17 of 1st period - Shot Blocked by Thomas Spelling.
17:19 of 1st period - Wrist shot by Lucas Lessio.
17:19 of 1st period - Shot Misses the Net.
17:21 of 1st period - Slapshot by Ryan Pulock.
17:21 of 1st period - Stopped by Ebbe Siönäs with a rebound.
17:56 of 1st period - Snap shot by Maksim Sushko.
17:56 of 1st period - Goal by Maksim Sushko - Griffins : 1 - Wolves : 2.
17:57 of 1st period - Nico Hischier wins face-off versus Cedric Paquette in neutral zone.
18:00 of 1st period - Slapshot by Ryan Pulock.
18:00 of 1st period - Stopped by Ebbe Siönäs without a rebound.
18:01 of 1st period - Nico Hischier wins face-off versus Cedric Paquette in Wolves zone.
18:15 of 1st period - Minor Penalty to Eric Robinson for Hooking.
18:16 of 1st period - Hayden Hodgson wins face-off versus Nico Hischier in Wolves zone.
18:50 of 1st period - Slapshot by Sonny Milano.
18:50 of 1st period - Goal by Sonny Milano - Griffins : 2 - Wolves : 2.
18:51 of 1st period - Nico Hischier wins face-off versus Cedric Paquette in neutral zone.
19:16 of 1st period - Jalen Chatfield is hit by Sonny Milano and loses puck.
19:25 of 1st period - Wrist shot by Sonny Milano.
19:25 of 1st period - Shot Misses the Net.
19:57 of 1st period - Wrist shot by Jack Studnicka.
19:57 of 1st period - Stopped by Ebbe Siönäs with a rebound.
Goals for this period are 2 for Griffins vs 2 for Wolves.
Shots for this period are 12 for Griffins vs 9 for Wolves.
2nd period
0:01 of 2nd period - Nico Hischier wins face-off versus Cedric Paquette in neutral zone.
0:03 of 2nd period - Off-side.
0:04 of 2nd period - Lucas Lessio wins face-off versus Cedric Paquette in neutral zone.
0:09 of 2nd period - Slapshot by Lucas Lessio.
0:09 of 2nd period - Shot Blocked by Jalen Chatfield.
0:52 of 2nd period - Sebastian Ahaut is hit by Jalen Chatfield and loses puck.
1:33 of 2nd period - Lucas Lessio is hit by Victor Olofsson and loses puck.
2:26 of 2nd period - Wrist shot by Troy Terry.
2:26 of 2nd period - Stopped by Ebbe Siönäs with a rebound.
2:28 of 2nd period - Snap shot by Klim Kostin.
2:28 of 2nd period - Deflect By Riley Armstrong.
2:28 of 2nd period - Shot Misses the Net.
2:28 of 2nd period - Puck is out of play.
2:29 of 2nd period - Cedric Paquette wins face-off versus Nico Hischier in Wolves zone.
2:54 of 2nd period - Sonny Milano is hit by Hayden Hodgson and loses puck.
2:58 of 2nd period - Icing by Sonny Milano.
2:59 of 2nd period - Antti Suomela wins face-off versus Christoffer Ehn in Griffins zone.
3:13 of 2nd period - Wrist shot by Antti Suomela.
3:13 of 2nd period - Shot Misses the Net.
3:59 of 2nd period - Wrist shot by Antti Suomela.
3:59 of 2nd period - Stopped by Marcus Hogberg without a rebound.
4:00 of 2nd period - Nico Hischier wins face-off versus Eric Robinson in Griffins zone.
4:00 of 2nd period - Nico Hischier is hit by Jakub Zboril.
4:10 of 2nd period - Slapshot by Jakub Zboril.
4:10 of 2nd period - Shot Misses the Net.
4:48 of 2nd period - Snap shot by Filip Hronek.
4:48 of 2nd period - Shot Blocked by Jordan Harris.
5:10 of 2nd period - Snap shot by Cedric Paquette.
5:10 of 2nd period - Goal by Cedric Paquette - Griffins : 2 - Wolves : 3.
5:11 of 2nd period - Cedric Paquette wins face-off versus Nico Hischier in neutral zone.
5:21 of 2nd period - Nico Hischier is hit by Cedric Paquette and loses puck.
6:03 of 2nd period - Slapshot by Jake Evans.
6:03 of 2nd period - Shot Misses the Net.
6:54 of 2nd period - Snap shot by Cedric Paquette.
6:54 of 2nd period - Deflect By Victor Olofsson.
6:54 of 2nd period - Deflect By Filip Hronek.
6:54 of 2nd period - Shot Misses the Net.
6:54 of 2nd period - Puck is out of play.
6:55 of 2nd period - Antti Suomela wins face-off versus Christoffer Ehn in Griffins zone.
6:56 of 2nd period - Snap shot by Hayden Hodgson.
6:56 of 2nd period - Stopped by Marcus Hogberg without a rebound.
6:57 of 2nd period - Christoffer Ehn wins face-off versus Antti Suomela in Griffins zone.
7:13 of 2nd period - Icing by Jalen Chatfield.
7:14 of 2nd period - Nico Hischier wins face-off versus Antti Suomela in Wolves zone.
7:29 of 2nd period - Snap shot by Thomas Spelling.
7:29 of 2nd period - Stopped by Marcus Hogberg without a rebound.
7:30 of 2nd period - Christoffer Ehn wins face-off versus Cedric Paquette in Griffins zone.
8:20 of 2nd period - Snap shot by Jake Evans.
8:20 of 2nd period - Deflect By Troy Terry.
8:20 of 2nd period - Stopped by Marcus Hogberg with a rebound.
10:14 of 2nd period - Wrist shot by Lucas Lessio.
10:14 of 2nd period - Shot Misses the Net.
10:39 of 2nd period - Off-side.
10:40 of 2nd period - Nico Hischier wins face-off versus Cedric Paquette in neutral zone.
11:27 of 2nd period - Antti Suomela is hit by Sonny Milano and loses puck.
11:38 of 2nd period - Snap shot by Morgan Geekie.
11:38 of 2nd period - Stopped by Ebbe Siönäs without a rebound.
11:39 of 2nd period - Riley Armstrong wins face-off versus Cedric Paquette in Wolves zone.
11:44 of 2nd period - Slapshot by Troy Terry.
11:44 of 2nd period - Shot Misses the Net.
11:52 of 2nd period - Snap shot by Cedric Paquette.
11:52 of 2nd period - Stopped by Marcus Hogberg with a rebound.
12:09 of 2nd period - Snap shot by Thomas Spelling.
12:09 of 2nd period - Shot Blocked by Morgan Geekie.
13:05 of 2nd period - Minor Penalty to Jordan Harris for Delaying the game.
13:06 of 2nd period - Nico Hischier wins face-off versus Cedric Paquette in Wolves zone.
13:21 of 2nd period - Snap shot by Lucas Lessio.
13:21 of 2nd period - Stopped by Ebbe Siönäs with a rebound.
13:39 of 2nd period - Jakub Zboril is hit by Klim Kostin and loses puck.
13:53 of 2nd period - Off-side.
13:54 of 2nd period - Antti Suomela wins face-off versus Nico Hischier in neutral zone.
14:15 of 2nd period - Christoffer Ehn is hit by Eric Robinson.
15:05 of 2nd period - Penalty to Jordan Harris is over, Jordan Harris is back on ice.
15:21 of 2nd period - Wrist shot by Wade Allison.
15:21 of 2nd period - Shot Misses the Net.
15:35 of 2nd period - Jack Studnicka is hit by Jasper Weatherby.
15:39 of 2nd period - Wrist shot by Jasper Weatherby.
15:39 of 2nd period - Shot Blocked by Nils Lundkvist.
15:41 of 2nd period - Wrist shot by Corey Shueneman.
15:41 of 2nd period - Deflect By Jasper Weatherby.
15:41 of 2nd period - Goal by Jasper Weatherby - Griffins : 2 - Wolves : 4.
15:41 of 2nd period - Adam Werner enters game.
15:42 of 2nd period - Nico Hischier wins face-off versus Cedric Paquette in neutral zone.
15:47 of 2nd period - Backhand shot by Martin Frk.
15:47 of 2nd period - Shot Misses the Net.
15:49 of 2nd period - Backhand shot by Lucas Lessio.
15:49 of 2nd period - Goal by Lucas Lessio - Griffins : 3 - Wolves : 4.
15:50 of 2nd period - Victor Olofsson wins face-off versus Nico Hischier in neutral zone.
16:03 of 2nd period - Snap shot by Martin Frk.
16:03 of 2nd period - Stopped by Ebbe Siönäs without a rebound.
16:04 of 2nd period - Nico Hischier wins face-off versus Cedric Paquette in Wolves zone.
16:09 of 2nd period - Snap shot by Nico Hischier.
16:09 of 2nd period - Shot Misses the Net.
16:15 of 2nd period - Snap shot by Lucas Lessio.
16:15 of 2nd period - Shot Misses the Net.
16:36 of 2nd period - Snap shot by Christoffer Ehn.
16:36 of 2nd period - Deflect By Sonny Milano.
16:36 of 2nd period - Deflect By Jake Evans.
16:36 of 2nd period - Shot Misses the Net.
16:36 of 2nd period - Puck is out of play.
16:37 of 2nd period - Christoffer Ehn wins face-off versus Eric Robinson in Wolves zone.
16:38 of 2nd period - Snap shot by Sonny Milano.
16:38 of 2nd period - Stopped by Ebbe Siönäs with a rebound.
16:40 of 2nd period - Slapshot by Nils Lundkvist.
16:40 of 2nd period - Stopped by Ebbe Siönäs with a rebound.
16:42 of 2nd period - Slapshot by Chris Bigras.
16:42 of 2nd period - Stopped by Ebbe Siönäs without a rebound.
16:43 of 2nd period - Cedric Paquette wins face-off versus Christoffer Ehn in Wolves zone.
17:52 of 2nd period - Off-side.
17:53 of 2nd period - Cody Glass wins face-off versus Jasper Weatherby in neutral zone.
17:55 of 2nd period - Ian McCoshen is hit by Jasper Weatherby and loses puck.
19:02 of 2nd period - Corey Shueneman is hit by Troy Terry and loses puck.
19:19 of 2nd period - Slapshot by Brendan Leipsic.
19:19 of 2nd period - Deflect By Cody Glass.
19:19 of 2nd period - Deflect By Eric Robinson.
19:19 of 2nd period - Stopped by Ebbe Siönäs without a rebound.
19:20 of 2nd period - Cody Glass wins face-off versus Cedric Paquette in Wolves zone.
19:26 of 2nd period - Minor Penalty to Jalen Chatfield for Holding Stick.
19:27 of 2nd period - Nico Hischier wins face-off versus Cedric Paquette in Wolves zone.
19:37 of 2nd period - Snap shot by Nico Hischier.
19:37 of 2nd period - Stopped by Ebbe Siönäs with a rebound.
19:39 of 2nd period - Snap shot by Martin Frk.
19:39 of 2nd period - Shot Blocked by Cedric Paquette.
19:41 of 2nd period - Slapshot by Filip Hronek.
19:41 of 2nd period - Stopped by Ebbe Siönäs with a rebound.
19:43 of 2nd period - Slapshot by Nils Lundkvist.
19:43 of 2nd period - Shot Misses the Net.
19:53 of 2nd period - Cedric Paquette is hit by Christoffer Ehn and loses puck.
Goals for this period are 1 for Griffins vs 2 for Wolves.
Shots for this period are 11 for Griffins vs 7 for Wolves.
3rd period
0:01 of 3rd period - Nico Hischier wins face-off versus Cedric Paquette in neutral zone.
0:59 of 3rd period - Snap shot by Christoffer Ehn.
0:59 of 3rd period - Shot Blocked by Dylan Coghlan.
1:01 of 3rd period - Slapshot by Nils Lundkvist.
1:01 of 3rd period - Stopped by Ebbe Siönäs without a rebound.
1:02 of 3rd period - Martin Frk wins face-off versus Cedric Paquette in Wolves zone.
1:17 of 3rd period - Backhand shot by Lucas Lessio.
1:17 of 3rd period - Stopped by Ebbe Siönäs with a rebound.
1:26 of 3rd period - Penalty to Jalen Chatfield is over, Jalen Chatfield is back on ice.
2:52 of 3rd period - Slapshot by Jakub Zboril.
2:52 of 3rd period - Goal by Jakub Zboril - Griffins : 3 - Wolves : 5.
2:53 of 3rd period - Nico Hischier wins face-off versus Cedric Paquette in neutral zone.
3:00 of 3rd period - Slapshot by Jalen Chatfield.
3:00 of 3rd period - Shot Misses the Net.
3:02 of 3rd period - Snap shot by Jalen Chatfield.
3:02 of 3rd period - Stopped by Adam Werner without a rebound.
3:03 of 3rd period - Cedric Paquette wins face-off versus Nico Hischier in Griffins zone.
3:24 of 3rd period - Backhand shot by Victor Olofsson.
3:24 of 3rd period - Stopped by Adam Werner without a rebound.
3:25 of 3rd period - Christoffer Ehn wins face-off versus Antti Suomela in Griffins zone.
3:34 of 3rd period - Snap shot by Sonny Milano.
3:34 of 3rd period - Goal by Sonny Milano - Griffins : 4 - Wolves : 5.
3:35 of 3rd period - Nico Hischier wins face-off versus Cedric Paquette in neutral zone.
3:46 of 3rd period - Slapshot by Martin Frk.
3:46 of 3rd period - Stopped by Ebbe Siönäs with a rebound.
3:58 of 3rd period - Minor Penalty to Lucas Lessio for Hooking.
3:59 of 3rd period - Cedric Paquette wins face-off versus Riley Armstrong in Griffins zone.
4:10 of 3rd period - Snap shot by Eric Robinson.
4:10 of 3rd period - Shot Blocked by Riley Armstrong.
4:12 of 3rd period - Wrist shot by Jalen Chatfield.
4:12 of 3rd period - Shot Misses the Net.
4:14 of 3rd period - Slapshot by Jalen Chatfield.
4:14 of 3rd period - Shot Misses the Net.
4:31 of 3rd period - Slapshot by Antti Suomela.
4:31 of 3rd period - Shot Blocked by Robbie Russo.
4:33 of 3rd period - Wrist shot by Antti Suomela.
4:33 of 3rd period - Goal by Antti Suomela - Griffins : 4 - Wolves : 6.
4:34 of 3rd period - Cedric Paquette wins face-off versus Nico Hischier in neutral zone.
4:59 of 3rd period - Christoffer Ehn is hit by Jakub Zboril and loses puck.
5:12 of 3rd period - Thomas Spelling is hit by Sonny Milano and loses puck.
5:25 of 3rd period - Chris Bigras is hit by Samuel Girard and loses puck.
5:32 of 3rd period - Wrist shot by Jonah Gadjovich.
5:32 of 3rd period - Stopped by Adam Werner with a rebound.
6:07 of 3rd period - Brendan Leipsic is hit by Jakub Zboril and loses puck.
6:16 of 3rd period - Snap shot by Cody Glass.
6:16 of 3rd period - Stopped by Ebbe Siönäs without a rebound.
6:17 of 3rd period - Christoffer Ehn wins face-off versus Cedric Paquette in Wolves zone.
6:22 of 3rd period - Snap shot by Sonny Milano.
6:22 of 3rd period - Deflect By Morgan Geekie.
6:22 of 3rd period - Stopped by Ebbe Siönäs with a rebound.
6:28 of 3rd period - Slapshot by Eric Robinson.
6:28 of 3rd period - Deflect By Cedric Paquette.
6:28 of 3rd period - Goal by Cedric Paquette - Griffins : 4 - Wolves : 7.
6:29 of 3rd period - Cedric Paquette wins face-off versus Nico Hischier in neutral zone.
7:16 of 3rd period - Icing by Morgan Geekie.
7:17 of 3rd period - Jake Evans wins face-off versus Riley Armstrong in Griffins zone.
7:24 of 3rd period - Slapshot by Chris Bigras.
7:24 of 3rd period - Deflect By Riley Armstrong.
7:24 of 3rd period - Shot Misses the Net.
7:24 of 3rd period - Puck is out of play.
7:25 of 3rd period - Nico Hischier wins face-off versus Cedric Paquette in Wolves zone.
7:38 of 3rd period - Wrist shot by Victor Olofsson.
7:38 of 3rd period - Stopped by Adam Werner with a rebound.
7:40 of 3rd period - Wrist shot by Victor Olofsson.
7:40 of 3rd period - Stopped by Adam Werner without a rebound.
7:41 of 3rd period - Christoffer Ehn wins face-off versus Antti Suomela in Griffins zone.
7:45 of 3rd period - Off-side.
7:46 of 3rd period - Christoffer Ehn wins face-off versus Antti Suomela in neutral zone.
8:19 of 3rd period - Jakub Zboril is hit by Martin Frk and loses puck.
8:56 of 3rd period - Wrist shot by Jasper Weatherby.
8:56 of 3rd period - Shot Misses the Net.
9:18 of 3rd period - Snap shot by Morgan Geekie.
9:18 of 3rd period - Shot Misses the Net.
9:22 of 3rd period - Snap shot by Morgan Geekie.
9:22 of 3rd period - Shot Misses the Net.
9:24 of 3rd period - Slapshot by Chris Bigras.
9:24 of 3rd period - Stopped by Ebbe Siönäs without a rebound.
9:25 of 3rd period - Nico Hischier wins face-off versus Cedric Paquette in Wolves zone.
9:32 of 3rd period - Victor Olofsson is hit by Martin Frk.
10:19 of 3rd period - Slapshot by Ian McCoshen.
10:19 of 3rd period - Deflect By Jordan Harris.
10:19 of 3rd period - Stopped by Ebbe Siönäs with a rebound.
10:21 of 3rd period - Wrist shot by Brendan Leipsic.
10:21 of 3rd period - Deflect By Cody Glass.
10:21 of 3rd period - Stopped by Ebbe Siönäs with a rebound.
10:23 of 3rd period - Slapshot by Sebastian Ahaut.
10:23 of 3rd period - Stopped by Ebbe Siönäs with a rebound.
10:40 of 3rd period - Minor Penalty to Jonah Gadjovich for Slashing.
10:41 of 3rd period - Cedric Paquette wins face-off versus Nico Hischier in Wolves zone.
11:19 of 3rd period - Wrist shot by Christoffer Ehn.
11:19 of 3rd period - Stopped by Ebbe Siönäs with a rebound.
12:40 of 3rd period - Penalty to Jonah Gadjovich is over, Jonah Gadjovich is back on ice.
12:47 of 3rd period - Wrist shot by Jake Evans.
12:47 of 3rd period - Stopped by Adam Werner without a rebound.
12:48 of 3rd period - Jake Evans wins face-off versus Cody Glass in Griffins zone.
13:44 of 3rd period - Snap shot by Jake Evans.
13:44 of 3rd period - Stopped by Adam Werner with a rebound.
13:52 of 3rd period - Wrist shot by Brendan Leipsic.
13:52 of 3rd period - Stopped by Ebbe Siönäs without a rebound.
13:53 of 3rd period - Cedric Paquette wins face-off versus Nico Hischier in Wolves zone.
14:22 of 3rd period - Snap shot by Antti Suomela.
14:22 of 3rd period - Shot Misses the Net.
14:24 of 3rd period - Snap shot by Thomas Spelling.
14:24 of 3rd period - Stopped by Adam Werner with a rebound.
14:26 of 3rd period - Snap shot by Thomas Spelling.
14:26 of 3rd period - Stopped by Adam Werner with a rebound.
14:28 of 3rd period - Slapshot by Samuel Girard.
14:28 of 3rd period - Shot Blocked by Filip Hronek.
14:30 of 3rd period - Wrist shot by Hayden Hodgson.
14:30 of 3rd period - Shot Blocked by Riley Armstrong.
15:10 of 3rd period - Off-side.
15:11 of 3rd period - Antti Suomela wins face-off versus Klim Kostin in neutral zone.
15:14 of 3rd period - Slapshot by Dylan Coghlan.
15:14 of 3rd period - Shot Misses the Net.
15:16 of 3rd period - Slapshot by Dylan Coghlan.
15:16 of 3rd period - Deflect By Riley Armstrong.
15:16 of 3rd period - Stopped by Adam Werner without a rebound.
15:17 of 3rd period - Riley Armstrong wins face-off versus Antti Suomela in Griffins zone.
16:02 of 3rd period - Morgan Geekie is hit by Wade Allison and loses puck.
17:24 of 3rd period - Minor Penalty to Riley Armstrong for Holding.
17:25 of 3rd period - Cedric Paquette wins face-off versus Martin Frk in Griffins zone.
17:57 of 3rd period - Icing by Hayden Hodgson.
17:58 of 3rd period - Antti Suomela wins face-off versus Nico Hischier in Wolves zone.
18:43 of 3rd period - Slapshot by Hayden Hodgson.
18:43 of 3rd period - Stopped by Adam Werner without a rebound.
18:44 of 3rd period - Nico Hischier wins face-off versus Cedric Paquette in Griffins zone.
19:11 of 3rd period - Nico Hischier is hit by Eric Robinson and loses puck.
19:24 of 3rd period - Penalty to Riley Armstrong is over, Riley Armstrong is back on ice.
19:28 of 3rd period - Nico Hischier is hit by Jake Evans.
19:36 of 3rd period - Icing by Nico Hischier.
19:37 of 3rd period - Jake Evans wins face-off versus Nico Hischier in Griffins zone.
19:54 of 3rd period - Corey Shueneman is hit by Lucas Lessio and loses puck.
Goals for this period are 1 for Griffins vs 3 for Wolves.
Shots for this period are 12 for Griffins vs 14 for Wolves.